 Dungeon Crawl Stone Soup version 0.27-a0-1191-g601b473118 (webtiles) character file.

Game seed: 10788493587603966918

422 leviel the Skirmisher (level 6, -4/56 HPs)
             Began as a Hill Orc Fighter on May 23, 2021.
             Slain by a scorpion (8 damage)
             ... on level 4 of the Dungeon on May 24, 2021.
             The game lasted 00:03:14 (3980 turns).

leviel the Skirmisher (Hill Orc Fighter)            Turns: 3980, Time: 00:03:14

Health: -4/56      AC:  8    Str: 21    XL:     6   Next: 95%
Magic:  6/6        EV:  7    Int:  8    God:
Gold:   261        SH: 10    Dex: 10    Spells: 5/5 levels left

rFire    . . .     SeeInvis .   a - +0 war axe
rCold    . . .     Faith    .   c - +0 kite shield
rNeg     . . .     Spirit   .   b - +1 scale mail
rPois    .         Reflect  .   (no helmet)
rElec    .         Harm     .   (no cloak)
rCorr    .         Rampage  .   (no gloves)
Will     .....                  (no boots)
Stlth    ..........             (no amulet)
HPRegen  0.18/turn              (no ring)
MPRegen  0.10/turn              (no ring)

@: lethally poisoned (-4 -> -6), weak-willed
A: no striking features
a: no special abilities


You were on level 4 of the Dungeon.
You visited 1 branch of the dungeon, and saw 4 of its levels.

You collected 261 gold pieces.

Inventory:

Hand Weapons
 a - a +0 war axe (weapon)
Missiles
 f - 5 boomerangs of dispersal (quivered)
Armour
 b - a +1 scale mail (worn)
 c - a +0 kite shield (worn)
Jewellery
 e - a ring of willpower
Wands
 i - a wand of paralysis (8)
Scrolls
 d - 2 scrolls of enchant armour {@r2}
 h - 2 scrolls of amnesia


   Skills:
 + Level 5.5 Fighting
 + Level 5.2 Axes
 + Level 4.9 Armour
 + Level 5.0 Shields


You had 5 spell levels left.
You didn't know any spells.
Your spell library contained the following spells:

 Spells                   Type           Power      Damage    Failure   Level
 Magic Dart               Conj           0%         1d3       99%         1
 Blink                    Tloc           N/A        N/A       99%         2
 Call Imp                 Summ           0%         N/A       99%         2
 Slow                     Hex            0%         N/A       99%         2
 Conjure Flame            Conj/Fire      0%         6-21      100%        3
 Mephitic Cloud           Conj/Pois/Air  0%         N/A       100%        3


Dungeon Overview and Level Annotations

Branches:
Dungeon (4/15)
 Temple: D:4-7

Altars:


Message History

You are too injured to fight recklessly!
You are too injured to fight recklessly!
Your scale mail prevents you from hitting the scorpion.
The scorpion is lightly wounded.
You feel sick. You block the scorpion's attack. The scorpion stings you!
You barely miss the scorpion.
The scorpion is lightly wounded.
You feel sick. You block the scorpion's attack. x2
You closely miss the scorpion.
The scorpion is lightly wounded.
You feel sick. The scorpion stings you!
You are more poisoned.
The scorpion poisons you!
You closely miss the scorpion.
The scorpion is lightly wounded.
You feel very sick.
The scorpion stings you but does no damage.
The scorpion stings you.
* * * LOW HITPOINT WARNING * * *
You hit the scorpion.
The scorpion is lightly wounded.
You feel sick. You block the scorpion's attack.
The scorpion stings you but does no damage.
You aren't carrying any potions.
You aren't carrying any potions.
You barely miss the scorpion.
The scorpion is lightly wounded.
You feel sick. The scorpion stings you.
* * * LOW HITPOINT WARNING * * *
Unknown command.
As you read the scroll labelled BAENGA WYRURCHO, it crumbles to dust.
Magic quickly surges around you.
It was a scroll of vulnerability.
You feel sick.
The scorpion stings you but does no damage. x2
You aren't carrying any potions.
As you read the scroll labelled ZARINE GASUO, it crumbles to dust.
It is a scroll of enchant armour.
Your +0 scale mail glows green for a moment.
You feel sick. The scorpion stings you!
You die...

#.......# .#.#
#.......# ##.#.#
####.......#
##.#.##
...........#
....... .........#
.....# #.......#
##.### #...s..<#
.#.# ##########@#
...####......(...#
.........#########
...####.## .#.#
### ##.# ..# ###


You could see a scorpion (weak-willed).

Vanquished Creatures
  A wyvern zombie (D:4)
  2 scorpions
  A howler monkey (D:4)
  A jelly (D:4)
  2 orc wizards (D:4)
  A hound skeleton (D:4)
  4 adders (D:4)
  A worm (D:2)
  8 orcs
  6 endoplasms
  3 giant cockroaches
  7 goblins
  9 hobgoblins
  2 jackals (D:2)
  A quokka (D:2)
  7 ball pythons
  7 bats
  4 frilled lizards
  6 kobolds
  3 rats
76 creatures vanquished.

Vanquished Creatures (others)
  3 plants (D:2)
3 creatures vanquished.

Grand Total: 79 creatures vanquished

Notes
Turn   | Place    | Note
-------+----------+-------------------------------------------
     0 | D:1      | leviel the Hill Orc Fighter began the quest for the Orb.
     0 | D:1      | Reached XP level 1. HP: 19/19 MP: 1/1
   186 | D:1      | Reached XP level 2. HP: 17/27 MP: 2/2
  1203 | D:2      | Reached XP level 3. HP: 33/33 MP: 3/3
  1272 | D:2      | Found a faded altar of an unknown god.
  2428 | D:3      | Reached XP level 4. HP: 40/40 MP: 4/4
  2633 | D:3      | Noticed a scorpion
  2641 | D:3      | Killed a scorpion
  2642 | D:3      | Reached XP level 5. HP: 47/47 MP: 5/5
  2751 | D:4      | Reached skill level 5 in Fighting
  2751 | D:4      | Reached XP level 6. HP: 25/56 MP: 6/6
  3447 | D:4      | Reached skill level 5 in Axes
  3863 | D:4      | Reached skill level 5 in Shields
  3980 | D:4      | Slain by a scorpion

Illustrated notes

Levels and vault maps discovered:
D:1:      lightli_arrival_isolated_outpost, layout_basic
D:2:      cheibrodos_old_hovel, layout_rooms, ebering_ecumenical_altar_hall
D:3:      layout_rooms, chequers_serial_rivers_marsh
D:4:      layout_loops_ring, gammafunk_temple_overflow_statue, serial_shops,
          kennysheep_little_box, minmay_close_crescents, uniq_crazy_yiuf_cottage

Skill      XL: |  1  2  3  4  5  6 |
---------------+-------------------+-----
Axes           | 3 4 5 |  5.2
Fighting       | 4 5 |  5.5
Armour         | 4 |  4.9
Shields        | 4 5 |  5.0

Action                   |  1- 3 |  4- 6 || total
-------------------------+-------+-------++-------
Melee: War axe           |   137 |    99 ||   236
  Use: Scroll            |     6 |     2 ||     8
       Potion            |     1 |     4 ||     5
Armor: Scale mail        |    60 |    39 ||    99
       Skin              |     2 |    11 ||    13
Dodge: Dodged            |    42 |    25 ||    67
Block: Kite shield       |    88 |    52 ||   140

Table legend: (Time is in decaauts)
 A = Elapsed time spent in this place.
 B = Non-inter-level travel time spent in this place.
 C = Inter-level travel time spent in this place.
 D = Time resting spent in this place.
 E = Time spent auto-exploring this place.
 F = Levels seen in this place.
 G = Mean time per level.
                   A        B        C        D        E       F      G
               +--------+--------+--------+--------+--------+-----+--------+
         Total |   4114 |   4011 |    103 |   1326 |   2117 |   4 | 1028.5 |
       Dungeon |   4114 |   4011 |    103 |   1326 |   2117 |   4 | 1028.5 |
               +--------+--------+--------+--------+--------+-----+--------+

Top non-repeatable levels by time:
     D:4: 1309 daAuts
     D:1: 1205 daAuts
     D:2: 1108 daAuts
     D:3: 490 daAuts
